 Dungeon Crawl Stone Soup version 0.31.0-1-g2c135a0 (webtiles) character file.

Game seed: 11806604742593334215

1623 jagoly the Geomancer (level 8, 0/62 HPs)
             Began as a Human Earth Elementalist on Jan 30, 2024.
             Was a Believer of Cheibriados.
             Slain by a human
             ... wielding a +0 war axe
              (9 damage)
             ... in a bailey.
             The game lasted 00:22:19 (2075 turns).

jagoly the Geomancer (Human Earth Elementalist)     Turns: 2075, Time: 00:22:20

Health: 0/62       AC:  3    Str: 13    XL:     8   Next: 97%
Magic:  1/11       EV: 14    Int: 22    God:    Cheibriados [**....]
Gold:   175        SH:  0    Dex: 17    Spells: 4/11 levels left

rFire   . . .        a - staff of earth
rCold   . . .        (no shield)
rNeg    + . .        w - +0 robe
rPois   .            j - +0 helmet
rElec   .            (no cloak)
rCorr   .            (no gloves)
SInv    .            (no boots)
Will    .....        c - amulet of regeneration
Stlth   +++          y - ring of wizardry
HPRegen 1.10/turn    C - ring of positive energy
MPRegen 0.12/turn

%: wizardry (x1)
@: very slow
A: explore regen
a: Renounce Religion, Bend Time


You were in a bailey.
You worshipped Cheibriados.
Cheibriados was pleased with you.
You visited 1 branch of the dungeon, and saw 8 of its levels.
You also visited: Sewer and Bailey.

You collected 175 gold pieces.

Inventory:

Hand Weapons
 b - a +0 spear of flaming
 h - a +0 dagger
 k - a +0 sling
 E - a +2 heavy hand axe
Missiles
 m - 38 stones
 x - 6 boomerangs
Armour
 j - a +0 helmet (worn)
 u - a +0 scale mail
 w - a +0 robe (worn)
Magical Staves
 a - a staff of earth (weapon)
Jewellery
 c - an amulet of regeneration (around neck)
 y - a ring of wizardry (left hand)
 C - a ring of positive energy (right hand)
Scrolls
 d - 3 scrolls of identify {unknown}
 g - a scroll of noise {unknown}
 l - a scroll of amnesia {unknown}
 n - 2 scrolls of enchant armour {unknown}
 p - 3 scrolls of enchant weapon {unknown}
 q - a scroll of fog {unknown}
 t - a scroll of teleportation {unknown}
 D - 2 scrolls of poison {unknown}
Potions
 e - 2 potions of heal wounds
 f - a potion of lignification {unknown}
 i - 2 potions of haste {unknown}
 o - 3 potions of brilliance {unknown}
 r - a potion of mutation {unknown}
 s - a potion of experience {unknown}
 v - a potion of might {unknown}
 z - 3 potions of curing {unknown}
 A - a potion of invisibility {unknown}
 B - a potion of degeneration {unknown}


   Skills:
 - Level 5.0 Fighting
 - Level 4.0 Dodging
 - Level 4.0 Stealth
 + Level 2.1 Spellcasting
 - Level 4.0 Conjurations
 - Level 8.0 Earth Magic


You had 4 spell levels left.
You knew the following spells:

 Your Spells              Type           Power      Damage    Failure   Level
a - Sandblast             Erth           100%       2d20      1%          1
c - Stone Arrow           Conj/Erth      86%        3d12      1%          3
w - Passwall              Erth           54%        N/A       1%          3

Your spell library contained the following spells:

 Spells                   Type           Power      Damage    Failure   Level
 Brom's Barrelling Bould  Conj/Erth      43%        2d6       4%          4
 Petrify                  Alch/Erth      29%        N/A       11%         4


Dungeon Overview and Level Annotations

Branches:
Dungeon (8/15) Zot: 40246   Sewer (visited)          Bailey (1/1) Zot: 8963
 Temple: D:4-7         Lair: D:8-11

Altars:
Cheibriados
Elyvilon
Nemelex Xobeh
Wu Jian
The Shining One


Innate Abilities, Weirdness & Mutations

You regain HP and MP as you explore.


Message History

l - a scroll labelled YPPAMO YCKUYXU You hear the faint creaking of a very distant portcullis.
Cast which spell? (? or * to list)
Aiming: Passwall (safe; 1% risk of failure)
Press: ? - help, Dir - move target A rock wall.
You feel a surge of power!
You begin to meditate on the wall.
You continue meditating on the rock. x2
You finish merging with the rock.
Found a scroll labelled BYXAISHERGH.
n - 2 scrolls labelled BYXAISHERGH (gained 1)
You open the door.
Found a fuming red potion.
There is an open door here.
o - 3 fuming red potions (gained 1)
You open the door.
There is an open door here.
You hear the creaking of a very distant portcullis.
You open the door.
There is an open door here.
Cast which spell? (? or * to list)
Okay, then.
Cast which spell? (? or * to list)
Aiming: Passwall (safe; 1% risk of failure)
Press: ? - help, Dir - move target A rock wall.
You feel a surge of power!
You begin to meditate on the wall.
You continue meditating on the rock. x4
You finish merging with the rock.
Cast which spell? (? or * to list)
Aiming: Passwall (safe; 1% risk of failure)
Press: ? - help, Dir - move target A rock wall.
You feel a surge of power!
You begin to meditate on the wall.
You continue meditating on the rock. x3
You finish merging with the rock.
You open the door.
There is an open door here.
Found 11 gold pieces.
Cast which spell? (? or * to list)
Aiming: Passwall (safe; 1% risk of failure)
Press: ? - help, Dir - move target A rock wall.
You feel a surge of power!
You begin to meditate on the wall.
You continue meditating on the rock. x3
You finish merging with the rock.
Found 17 gold pieces.
Found a stone staircase leading up.
You now have 164 gold pieces (gained 17).
Cast which spell? (? or * to list)
Aiming: Passwall (safe; 1% risk of failure)
Press: ? - help, Dir - move target A rock wall.
You feel a surge of power!
You begin to meditate on the wall.
You continue meditating on the rock. x2
You finish merging with the rock.
You hear the creaking of a portcullis nearby.
You now have 175 gold pieces (gained 11). 2 gnolls come into view.
A gnoll sergeant comes into view. It is wielding a +0 trident.
The gnoll sergeant shouts!
The gnoll sergeant moves out of view.
A gnoll comes into view. It is wielding a +0 halberd.
The gnoll moves out of view.
A gnoll comes into view. It is wielding a +0 club.
Cast which spell? (? or * to list)
Aiming: Sandblast (safe; 1% risk of failure)
Press: ? - help, Shift-Dir - straight line, f - gnoll sergeant
Aim: a gnoll sergeant, wielding a +0 trident and wearing a +0 scale mail (89% to hit)
You feel a surge of power!
The blast of sand hits the gnoll sergeant!
The gnoll sergeant is moderately wounded.
The gnoll shouts!
You hear a shout! x2
Cast which spell? (? or * to list)
Aiming: Sandblast (safe; 1% risk of failure)
Press: ? - help, Shift-Dir - straight line, f/p - gnoll sergeant
Aim: a gnoll sergeant, wielding a +0 trident and wearing a +0 scale mail (moderately wounded, 89% to hit)
You feel a surge of power!
The blast of sand hits the gnoll sergeant but does no damage.
The gnoll sergeant is moderately wounded.
A gnoll comes into view. It is wielding a +0 halberd.
The gnoll sergeant misses you.
Cast which spell? (? or * to list)
Aiming: Stone Arrow (dangerous; 2% risk of failure)
Press: ? - help, Shift-Dir - straight line, f/p - gnoll sergeant
Aim: a gnoll sergeant, wielding a +0 trident and wearing a +0 scale mail (moderately wounded, 81% to hit)
You feel a surge of power!
The stone arrow misses the gnoll sergeant.
The stone arrow hits the gnoll!!
You kill the gnoll!
Cheibriados appreciates the change of pace.
The gnoll sergeant misses you.
Cast which spell? (? or * to list)
Aiming: Sandblast (safe; 1% risk of failure)
Press: ? - help, Shift-Dir - straight line, f/p - gnoll sergeant
Aim: a gnoll sergeant, wielding a +0 trident and wearing a +0 scale mail (moderately wounded, 89% to hit)
You feel a surge of power!
The blast of sand hits the gnoll sergeant but does no damage.
The gnoll sergeant is moderately wounded.
The gnoll shouts!
You hear a shout!
The gnoll sergeant closely misses you.
Cast which spell? (? or * to list)
Aiming: Sandblast (safe; 1% risk of failure)
Press: ? - help, Shift-Dir - straight line, f/p - gnoll sergeant
Aim: a gnoll sergeant, wielding a +0 trident and wearing a +0 scale mail (moderately wounded, 89% to hit)
You feel a surge of power!
The blast of sand hits the gnoll sergeant.
The gnoll sergeant is moderately wounded.
The gnoll sergeant hits you from afar with a +0 trident! x2
Cast which spell? (? or * to list)
Aiming: Stone Arrow (dangerous; 2% risk of failure)
Press: ? - help, Shift-Dir - straight line, f/p - gnoll sergeant
Aim: a gnoll sergeant, wielding a +0 trident and wearing a +0 scale mail (moderately wounded, 81% to hit)
You feel a surge of power!
The stone arrow hits the gnoll sergeant!!
You kill the gnoll sergeant!
Cheibriados appreciates the change of pace.
Cast which spell? (? or * to list)
Aiming: Sandblast (safe; 1% risk of failure)
Press: ? - help, Shift-Dir - straight line, f - gnoll
Aim: a gnoll, wielding a +0 halberd (87% to hit)
You feel a surge of power!
The blast of sand hits the gnoll!
You kill the gnoll!
Cheibriados appreciates the change of pace.
Cast which spell? (? or * to list)
Aiming: Sandblast (safe; 1% risk of failure)
Press: ? - help, Shift-Dir - straight line, f - gnoll
Aim: a gnoll, wielding a +0 halberd (87% to hit)
You feel a surge of power!
The blast of sand hits the gnoll!
You kill the gnoll!
Cheibriados appreciates the change of pace.
The gnoll closely misses you.
Your Earth Magic skill increases to level 7!
Cast which spell? (? or * to list)
Aiming: Sandblast (safe; 1% risk of failure)
Press: ? - help, Shift-Dir - straight line, f - gnoll
Aim: a gnoll, wielding a +0 spear (87% to hit)
You feel a surge of power!
The blast of sand misses the gnoll.
* * * LOW MAGIC WARNING * * *
The gnoll hits you from afar with a +0 spear.
A goblin comes into view.
The gnoll closely misses you. The gnoll hits you with a +0 spear.
The goblin moves out of view.
Hit: a) staff of earth
Press: ? - help, Dir - move target, f/p - gnoll
Aim: a gnoll, wielding a +0 spear (about 32% to evade your staff of earth)
You hit the gnoll.
The gnoll is moderately wounded.
The gnoll hits you with a +0 spear.
Hit: a) staff of earth
Press: ? - help, Dir - move target, f/p - gnoll
Aim: a gnoll, wielding a +0 spear (moderately wounded, about 32% to evade your staff of earth)
You closely miss the gnoll.
The gnoll is moderately wounded.
The gnoll hits you with a +0 spear.
Hit: a) staff of earth
Press: ? - help, Dir - move target, f/p - gnoll
Aim: a gnoll, wielding a +0 spear (moderately wounded, about 32% to evade your staff of earth)
The gnoll shouts!
You hit the gnoll but do no damage.
The ground beneath the gnoll fractures.
The gnoll is moderately wounded.
The gnoll misses you.
Hit: a) staff of earth
Press: ? - help, Dir - move target, f/p - gnoll
Aim: a gnoll, wielding a +0 spear (moderately wounded, about 32% to evade your staff of earth)
You hit the gnoll.
The gnoll is severely wounded.
The gnoll misses you.
Cast which spell? (? or * to list)
Aiming: Sandblast (safe; 1% risk of failure)
Press: ? - help, Shift-Dir - straight line, f/p - gnoll
Aim: a gnoll, wielding a +0 spear (severely wounded, 87% to hit)
Okay, then.
Hit: a) staff of earth
Press: ? - help, Dir - move target, f/p - gnoll
Aim: a gnoll, wielding a +0 spear (severely wounded, about 32% to evade your staff of earth)
The goblin shouts!
You hit the gnoll.
The gnoll is almost dead.
You hear a loud, deep croak!
The gnoll misses you. The gnoll hits you with a +0 spear.
Hit: a) staff of earth
Press: ? - help, Dir - move target, f/p - gnoll
Aim: a gnoll, wielding a +0 spear (almost dead, about 32% to evade your staff of earth)
You barely miss the gnoll.
The gnoll is almost dead.
The gnoll barely misses you.
Cast which spell? (? or * to list)
Okay, then.
Hit: a) staff of earth
Press: ? - help, Dir - move target, f/p - gnoll
Aim: a gnoll, wielding a +0 spear (almost dead, about 32% to evade your staff of earth)
You hit the gnoll.
You kill the gnoll!
Cheibriados appreciates the change of pace.
Hit: a) staff of earth
Press: ? - help, Dir - move target, f - goblin
Aim: a goblin, quivering boomerangs (about 42% to evade your staff of earth)
You hit the goblin.
The goblin is severely wounded.
The goblin closely misses you. x2
Hit: a) staff of earth
Press: ? - help, Dir - move target, f/p - goblin
Aim: a goblin, quivering boomerangs (severely wounded, about 42% to evade your staff of earth)
You hit the goblin.
You kill the goblin!
Cheibriados appreciates the change of pace.
The gnoll barely misses you.
Cast which spell? (? or * to list)
Aiming: Sandblast (safe; 1% risk of failure)
Press: ? - help, Shift-Dir - straight line, f - gnoll
Aim: a gnoll, wielding a +0 spear (87% to hit)
You feel a surge of power!
The blast of sand hits the gnoll!
The gnoll is severely wounded.
* * * LOW MAGIC WARNING * * *
The gnoll closely misses you. The gnoll completely misses you.
Cast which spell? (? or * to list)
Aiming: Sandblast (safe; 1% risk of failure)
Press: ? - help, Shift-Dir - straight line, f/p - gnoll
Aim: a gnoll, wielding a +0 spear (severely wounded, 87% to hit)
You feel a surge of power!
The blast of sand hits the gnoll.
You kill the gnoll!
Cheibriados appreciates the change of pace.
* * * LOW MAGIC WARNING * * *
Press: ? - help, v - describe, . - travel, g - get item
Items here: a boomerang; a +0 spear; a goblin corpse.
The floor, spattered with blood.
You hear the steady creaking of a portcullis nearby.
Things that are here:
a boomerang; a +0 spear; a goblin corpse
x - a boomerang A goblin comes into view. x2
A goblin comes into view.
A bullfrog comes into view.
Cast which spell? (? or * to list)
Okay, then.
The goblin hits you but does no damage.
The goblin throws a boomerang.
The boomerang barely misses you. The goblin hits you.
The goblin shouts!
The bullfrog gives a loud, deep croak!
The goblin throws a boomerang.
The boomerang hits you.
The goblin throws a boomerang.
The boomerang hits you but does no damage.
The goblin throws a boomerang.
The boomerang hits you but does no damage.
The goblin throws a boomerang.
The boomerang hits you but does no damage.
The goblin throws a boomerang.
The boomerang barely misses you.
The goblin throws a boomerang.
The boomerang misses you.
The goblin throws a boomerang.
The boomerang hits you.
The goblin throws a boomerang.
The boomerang misses you.
The goblin throws a boomerang.
The boomerang barely misses you.
Cast which spell? (? or * to list)
Aiming: Sandblast (safe; 1% risk of failure)
Press: ? - help, Shift-Dir - straight line, f - bullfrog
Aim: a bullfrog (81% to hit)
You feel a surge of power!
The blast of sand misses the bullfrog.
The bullfrog hits you.
The bullfrog hits you but does no damage.
Cast which spell? (? or * to list)
Aiming: Sandblast (safe; 1% risk of failure)
Press: ? - help, Shift-Dir - straight line, p - bullfrog You feel a surge of power!
The blast of sand hits the bullfrog.
The bullfrog is lightly wounded.
The bullfrog completely misses you. The bullfrog closely misses you.
The goblin throws a boomerang.
The boomerang barely misses you.
Cast which spell? (? or * to list)
Aiming: Sandblast (safe; 1% risk of failure)
Press: ? - help, Shift-Dir - straight line
Okay, then.
Okay, then.
Cast which spell? (? or * to list)
You don't know that spell.
Okay, then.
Unknown command.
Cast which spell? (? or * to list)
You don't know that spell.
Okay, then.
Unknown command.
Cast which spell? (? or * to list)
You don't know that spell.
Cast which spell? (? or * to list)
Aiming: Sandblast (safe; 1% risk of failure)
Press: ? - help, Shift-Dir - straight line You feel a surge of power!
The blast of sand hits the bullfrog!
The bullfrog is almost dead.
The bullfrog hits you. x2; The goblin hits you but does no damage.
Cast which spell? (? or * to list)
Aiming: Sandblast (safe; 1% risk of failure)
Press: ? - help, Shift-Dir - straight line You feel a surge of power!
The blast of sand hits the bullfrog!!
You kill the bullfrog!
Cheibriados appreciates the change of pace.
Cheibriados raises the support of your attributes as your movement slows.
The goblin closely misses you. The goblin hits you but does no damage.
The goblin misses you. x2; The goblin barely misses you.
Cast which spell? (? or * to list)
Aiming: Sandblast (safe; 1% risk of failure)
Press: ? - help, Shift-Dir - straight line You feel a surge of power!
The blast of sand hits the goblin!!
You kill the goblin!
Cheibriados appreciates the change of pace.
The goblin barely misses you. x2
Cast which spell? (? or * to list)
Aiming: Sandblast (safe; 1% risk of failure)
Press: ? - help, Shift-Dir - straight line, f - goblin
Aim: a goblin, quivering boomerangs (81% to hit)
You feel a surge of power!
The blast of sand hits the goblin!
You kill the goblin!
Cheibriados appreciates the change of pace.
* * * LOW MAGIC WARNING * * *
The goblin barely misses you. The goblin hits you but does no damage.
You closely miss the goblin. The goblin misses you.
You hit the goblin.
You kill the goblin!
Cheibriados appreciates the change of pace.
No target in view!
x - 3 boomerangs (gained 2)
x - 4 boomerangs (gained 1)
You see here a bullfrog corpse.
Found a flagged portal.
x - 6 boomerangs (gained 2)
You see here a goblin corpse.
Found an escape hatch in the floor.
You enter the shallow water.
Moving in this stuff is going to be slow.
There is a flagged portal here.
The world spins around you as you enter the gateway.
You enter a bailey!
Found a gate leading back out of this place.
There is an empty arch of ancient stone here.
You open the door. 2 bullfrogs come into view.
Cast which spell? (? or * to list)
Aiming: Sandblast (safe; 1% risk of failure)
Press: ? - help, Shift-Dir - straight line, f - bullfrog
Aim: a bullfrog (asleep, 100% to hit)
You feel a surge of power!
The blast of sand hits the bullfrog!!
You kill the bullfrog!
Cheibriados appreciates the change of pace.
Cast which spell? (? or * to list)
Aiming: Sandblast (safe; 1% risk of failure)
Press: ? - help, Shift-Dir - straight line, f - bullfrog
Aim: a bullfrog (wandering, hasn't noticed you, 81% to hit)
You feel a surge of power!
The blast of sand hits the bullfrog!!!
You kill the bullfrog!
Cheibriados thoroughly appreciates the change of pace.
There is an open door here.
You open the door.
An orc comes into view. It is wielding a +0 hand axe.
There is an open door here.
Cast which spell? (? or * to list)
Aiming: Sandblast (safe; 1% risk of failure)
Press: ? - help, Shift-Dir - straight line, f - orc
Aim: an orc, wielding a +0 hand axe and wearing a +0 leather armour (asleep, 100% to hit)
You feel a surge of power!
The blast of sand hits the orc!!
You kill the orc!
Cheibriados appreciates the change of pace.
A human comes into view. It is wielding a +1 heavy hand axe.
Cast which spell? (? or * to list)
Aiming: Sandblast (safe; 1% risk of failure)
Press: ? - help, Shift-Dir - straight line, f - human
Aim: a human, wielding a +1 heavy hand axe and wearing a +0 ring mail (asleep, 100% to hit)
You feel a surge of power!
The blast of sand hits the human!
The human is lightly wounded.
The human shouts!
You hear a shout! x4
Cast which spell? (? or * to list)
Aiming: Sandblast (safe; 1% risk of failure)
Press: ? - help, Shift-Dir - straight line, f/p - human
Aim: a human, wielding a +1 heavy hand axe and wearing a +0 ring mail (lightly wounded, 82% to hit)
Okay, then.
Cast which spell? (? or * to list)
Aiming: Stone Arrow (safe; 1% risk of failure)
Press: ? - help, Shift-Dir - straight line, f/p - human
Aim: a human, wielding a +1 heavy hand axe and wearing a +0 ring mail (lightly wounded, 67% to hit)
You feel a surge of power!
The stone arrow hits the human!!
The human is almost dead.
Cast which spell? (? or * to list)
Aiming: Sandblast (safe; 1% risk of failure)
Press: ? - help, Shift-Dir - straight line, f/p - human
Aim: a human, wielding a +1 heavy hand axe and wearing a +0 ring mail (almost dead, 82% to hit)
You feel a surge of power!
The blast of sand hits the human but does no damage.
The human is almost dead.
A human comes into view. It is wielding a +0 war axe.
The human hits you with a +1 heavy hand axe!
You aren't carrying any items that you can evoke.
Cast which spell? (? or * to list)
Aiming: Sandblast (safe; 1% risk of failure)
Press: ? - help, Shift-Dir - straight line, f/p - human
Aim: a human, wielding a +1 heavy hand axe and wearing a +0 ring mail (almost dead, 82% to hit)
You feel a surge of power!
The blast of sand misses the human. x2
An orc comes into view. It is wielding a +0 hand axe.
The human hits you with a +1 heavy hand axe.
Cast which spell? (? or * to list)
Aiming: Sandblast (safe; 1% risk of failure)
Press: ? - help, Shift-Dir - straight line, f - human, p - human
Aim: a human, wielding a +0 war axe and wearing a +0 ring mail (82% to hit)
You feel a surge of power!
The blast of sand hits the human.
The human is almost dead.
The human barely misses you.
A gnoll comes into view. It is wielding a +0 hand axe.
The human misses you.
Cast which spell? (? or * to list)
Aiming: Sandblast (safe; 1% risk of failure)
Press: ? - help, Shift-Dir - straight line, f - gnoll, p - human
Aim: a gnoll, wielding a +0 hand axe and wearing a +0 leather armour (87% to hit)
You feel a surge of power!
The blast of sand hits the human but does no damage.
The human is almost dead.
The human hits you with a +0 war axe. The human barely misses you.
Cast which spell? (? or * to list)
Aiming: Sandblast (safe; 1% risk of failure)
Press: ? - help, Shift-Dir - straight line, f/p - gnoll
Aim: a gnoll, wielding a +0 hand axe and wearing a +0 leather armour (87% to hit)
You feel a surge of power!
The blast of sand hits the human!
You kill the human!
Cheibriados appreciates the change of pace.
* * * LOW MAGIC WARNING * * *
The human closely misses you. The orc closely misses you.
The human hits you with a +0 war axe. The gnoll hits you but does no damage.
The orc barely misses you.
Training target 5.0 for Fighting reached!
Training target 8.0 for Earth Magic reached!
Your Fighting skill increases to level 5!
Your Earth Magic skill increases to level 8!
You need to enable at least one skill for training.
You aren't carrying any items that you can evoke.
E - a +2 heavy hand axe (weapon)
Cleave: E) +2 hand axe (heavy)
Press: ? - help, Dir - move target, f - human, p - gnoll
Aim: a human, wielding a +0 war axe and wearing a +0 ring mail (about 41% to evade your +2 heavy hand axe)
You closely miss the human. You slash the gnoll! You hit the orc.
The human closely misses you. The orc closely misses you.
The gnoll closely misses you. The human hits you with a +0 war axe!
The gnoll hits you with a +0 hand axe!
* * * LOW HITPOINT WARNING * * *
The orc misses you.
Cleave: E) +2 hand axe (heavy)
Press: ? - help, Dir - move target, f/p - human
Aim: a human, wielding a +0 war axe and wearing a +0 ring mail (about 41% to evade your +2 heavy hand axe)
You hit the human.
The human is lightly wounded.
You slash the orc!
You kill the orc!
Cheibriados appreciates the change of pace.
You slash the gnoll!
You kill the gnoll!
Cheibriados appreciates the change of pace.
Cheibriados raises the support of your attributes as your movement slows.
The human barely misses you. The human hits you with a +0 war axe!
* * * LOW HITPOINT WARNING * * *
Okay, then.
Press: ? - help, v - describe, . - travel
Here: a human, wielding a +0 war axe and wearing a +0 ring mail (lightly wounded)
The floor.
Unknown command.
Okay, then.
Your movement speed is very slow.
Your attack delay is about 1.9.
Your damage rating with your +2 heavy hand axe is about 15 (Base [7 + 5 (Hvy)] x 107% (Str) x 108% (Skill) + 2 (Ench)).
Your base attributes are Str 9, Int 18, Dex 13.
Unknown command.
Unknown command.
Press: ? - help, v - describe, . - travel The floor, spattered with blood.
Press: ? - help, v - describe, . - travel
Here: a human, wielding a +0 war axe and wearing a +0 ring mail (lightly wounded)
The floor.
Okay, then.
Okay, then.
Okay, then.
Okay, then.
Okay, then.
Okay, then.
a - a staff of earth (weapon)
The human misses you.
Hit: a) staff of earth
Press: ? - help, Dir - move target, f/p - human
Aim: a human, wielding a +0 war axe and wearing a +0 ring mail (lightly wounded, about 41% to evade your staff of earth)
You hit the human.
The human is lightly wounded.
The human closely misses you.
Hit: a) staff of earth
Press: ? - help, Dir - move target, f/p - human
Aim: a human, wielding a +0 war axe and wearing a +0 ring mail (lightly wounded, about 41% to evade your staff of earth)
You closely miss the human.
The human is lightly wounded.
The human closely misses you.
Hit: a) staff of earth
Press: ? - help, Dir - move target, f/p - human
Aim: a human, wielding a +0 war axe and wearing a +0 ring mail (lightly wounded, about 41% to evade your staff of earth)
You hit the human but do no damage.
The human is lightly wounded.
The human closely misses you.
Hit: a) staff of earth
Press: ? - help, Dir - move target, f/p - human
Aim: a human, wielding a +0 war axe and wearing a +0 ring mail (lightly wounded, about 41% to evade your staff of earth)
You hit the human but do no damage.
The human is lightly wounded.
The human hits you with a +0 war axe!
* * * LOW HITPOINT WARNING * * *
The human hits you with a +0 war axe!
You die...

## .## ..# ..#
##..#
######)..#
#....@p.#####
#.....)##...##
#+#....'..∩..#
######.....#
#~~~'..∩..#
#~~~~##...##
+~~†~ #####
#~~~~ ##~~~


You could see a human.

Vanquished Creatures
  Grinder (D:4)
  A vampire (D:7)
  A human (Bailey)
  An ice beast (D:6)
  A black bear (D:4)
  A phantom (D:7)
  2 brain worms (Sewer)
  3 bullfrogs
  A gnoll sergeant (D:7)
  2 scorpions (D:4)
  A hound (D:4)
  A bombardier beetle (D:4)
  An orc priest (D:7)
  Robin (D:3)
  11 gnolls
  7 adders
  A river rat (Sewer)
  3 ribbon worms (D:3)
  8 orcs
  7 ball pythons
  3 bats (D:1)
  3 endoplasms
  3 giant cockroaches (D:1)
  14 goblins
  7 hobgoblins
  4 jackals (D:1)
  10 frilled lizards
  2 kobolds
  8 rats
109 creatures vanquished.

Notes
Turn   | Place    | Note
-------+----------+-------------------------------------------
     0 | D:1      | jagoly the Human Earth Elementalist began the quest for the
                  | Orb.
     0 | D:1      | Reached XP level 1. HP: 13/13 MP: 3/3
   126 | D:1      | Reached XP level 2. HP: 19/19 MP: 1/5
   287 | D:1      | Reached XP level 3. HP: 25/25 MP: 0/6
   489 | D:3      | Reached skill level 1 in Fighting
   502 | D:3      | Learned a level 3 spell: Passwall
   563 | D:3      | Noticed Robin
   588 | D:3      | Killed Robin
   589 | D:3      | Reached XP level 4. HP: 28/32 MP: 0/7
   750 | D:3      | Found a glowing drain.
   832 | Sewer    | Entered a sewer
   837 | Sewer    | Learned a level 3 spell: Stone Arrow
   861 | Sewer    | Reached skill level 4 in Earth Magic
   881 | Sewer    | Noticed a brain worm
   887 | Sewer    | Killed a brain worm
   888 | Sewer    | Reached XP level 5. HP: 38/38 MP: 1/8
   999 | Sewer    | Reached XP level 6. HP: 33/44 MP: 0/9
  1400 | D:4      | Found a snail-covered altar of Cheibriados.
  1400 | D:4      | Found an ornate altar of the Wu Jian Council.
  1404 | D:4      | Became a worshipper of Cheibriados the Contemplative
  1448 | D:4      | Reached skill level 5 in Earth Magic
  1448 | D:4      | Reached XP level 7. HP: 29/51 MP: 0/10
  1485 | D:4      | Noticed Grinder
  1558 | D:4      | Found a sparkling altar of Nemelex Xobeh.
  1585 | D:4      | Killed Grinder
  1634 | D:5      | Entered Level 5 of the Dungeon
  1670 | D:6      | Found a white marble altar of Elyvilon.
  1713 | D:6      | Reached skill level 6 in Earth Magic
  1713 | D:6      | Reached XP level 8. HP: 58/58 MP: 6/11
  1769 | D:6      | Found a glowing golden altar of the Shining One.
  1805 | D:7      | Reached * piety under Cheibriados
  1810 | D:7      | Noticed a vampire
  1831 | D:7      | Killed a vampire
  2003 | D:7      | Reached skill level 7 in Earth Magic
  2036 | D:7      | Found a flagged portal.
  2048 | Bailey   | Entered a bailey
  2068 | Bailey   | Reached skill level 5 in Fighting
  2068 | Bailey   | Reached skill level 8 in Earth Magic
  2070 | Bailey   | Reached ** piety under Cheibriados
  2075 | Bailey   | Slain by a human

Illustrated notes

Levels and vault maps discovered:
D:1:      ldierk_walled_garden_2, layout_loops_corners
D:2:      layout_basic, uniq_natasha
D:3:      layout_basic, cheibrodos_sewer_entry_sluice, dk_noncrumbling_3,
          kennysheep_generic_room_15, uniq_robin, uniq_terence
D:4:      layout_basic, lemuel_crystal_altar, gammafunk_temple_overflow_wave,
          amcnicky_mini_corridor_feature, uniq_blork_the_orc, uniq_grinder
D:5:      layout_basic, nicolae_overflow_squiral, minmay_temple_entry_arrows,
          uniq_ijyb
D:6:      layout_basic, mainiacjoe_overflow_six_doors_small, tso_oasis_becter,
          lemuel_coloured_pillars_altar, ashenzari_altar_1
D:7:      layout_basic, enter_bailey_5, hangedman_decor_push
D:8:      layout_gridville, minmay_gold_behind_fungi, nicolae_island_escapes,
          uniq_maggie, uniq_psyche
Bailey:   bailey_axe_froggy_fort_hellmonk, bailey

Skill      XL: |  1  2  3  4  5  6  7  8 |
---------------+-------------------------+-----
Fighting       | 1 2 3 5 |  5.0
Earth Magic    | 4 5 6 8 |  8.0
Stealth        | 3 4 |  4.0
Conjurations   | 2 3 4 |  4.0
Dodging        | 3 4 |  4.0
Spellcasting   | |  2.1

Action                     |  1- 3 |  4- 6 |  7- 9 || total
---------------------------+-------+-------+-------++-------
  Melee: Unarmed           |    35 |     5 |       ||    40
         Spear             |       |    20 |       ||    20
         Dagger            |       |    15 |       ||    15
         Staff             |       |       |    29 ||    29
         Hand axe          |       |       |     2 ||     2
  Throw: Stone             |    11 |       |       ||    11
         Throwing net      |       |       |     1 ||     1
   Cast: Sandblast         |    56 |    70 |    53 ||   179
         Passwall          |       |     3 |     8 ||    11
         Stone Arrow       |       |       |    11 ||    11
    Use: Potion            |     1 |       |     1 ||     2
   Stab: Held in net/web   |       |       |     1 ||     1
 Armour: Robe              |    47 |    29 |    59 ||   135
  Dodge: Dodged            |    49 |    49 |    64 ||   162
